 Dungeon Crawl Stone Soup version 0.20.0-8-g6b59dc7 (webtiles) character file.

9 Kosschaser the Chiller (level 2, -1/20 HPs)
             Began as a Ghoul Ice Elementalist on June 1, 2017.
             Killed from afar by Natasha (2 damage)
             ... with a magic dart
             ... on level 2 of the Dungeon.
             The game lasted 00:03:49 (760 turns).

Kosschaser the Chiller (Ghoul Ice Elementalist)      Turns: 760, Time: 00:03:50

Health: -1/20      AC:  3    Str: 11    XL:     2   Next: 16%
Magic:  1/3        EV: 12    Int: 10    God:
Gold:   123        SH:  0    Dex:  9    Spells: 3/4 levels left

rFire    . . .     SeeInvis .   (no weapon)
rCold    + . .     Gourm    .   (no shield)
rNeg     + + +     Faith    .   a - +0 robe
rPois    ∞         Spirit   .   k - +0 helmet
rElec    .         Reflect  .   (no cloak)
rCorr    .         Harm     .   (no gloves)
MR       .....                  (no boots)
Stlth    ++........             (no amulet)
Regen    0.0/turn               (no ring)
MPRegen  0.1/turn               (no ring)

@: rotting
A: rotting body, claws 1, carnivore 3, cold resistance 1, negative energy
resistance 3, inhibited regeneration, torment resistance, unbreathing
a: no special abilities


You were on level 2 of the Dungeon.
You were not hungry.

You visited 1 branch of the dungeon, and saw 2 of its levels.

You collected 123 gold pieces.

Inventory:

Armour
 a - a +0 robe (worn)
 k - a +0 helmet (worn)
Scrolls
 d - a scroll of blinking {unknown}
 e - a scroll of random uselessness {unknown}
 f - 2 scrolls of remove curse {unknown}
 g - 2 scrolls of amnesia {unknown}
Potions
 h - a potion of curing {unknown}
 i - a potion of brilliance {unknown}
 j - a potion of haste {unknown}
 l - a potion of resistance {unknown}
 m - a potion of ambrosia {unknown}
Books
 b - a book of Frost

   Spells                             Type                      Level
   a - Freeze                         Ice                          1
   b - Throw Frost                    Conjuration/Ice              2
   c - Ozocubu's Armour               Charms/Ice                   3
   d - Throw Icicle                   Conjuration/Ice              4
   e - Summon Ice Beast               Ice/Summoning                4
Comestibles
 c - a meat ration


   Skills:
 + Level 1.9 Dodging
 + Level 2.2 Stealth
 + Level 1.9 Spellcasting
   Level 0.7 Conjurations
 + Level 3.6 Ice Magic


You had 3 spell levels left.
You knew the following spells:

 Your Spells              Type           Power        Failure   Level  Hunger
a - Freeze                Ice            #...         7%          1    ##.....


Dungeon Overview and Level Annotations

Branches:
Dungeon (2/15)

Altars:

Annotations:
D:2 Natasha


Innate Abilities, Weirdness & Mutations

Your body is rotting away.
You thrive on raw meat.
You are immune to poison.
You have sharp fingernails.
You are carnivorous and can eat meat at any time.
Your flesh is cold resistant. (rC+)
You are immune to negative energy. (rN+++)
You do not regenerate when monsters are visible.
You are immune to unholy pain and torment.
You can survive without breathing.


Message History

Natasha is moderately wounded.
Natasha misses you. The iron imp barely misses you.
Casting: Freeze
Confirm with . or Enter, or press ? or * to list all spells.
Aiming: Freeze
Press: ? - help, Shift-Dir - straight line, f/p - Natasha
Aim: Natasha (moderately wounded)
You freeze Natasha.
Natasha is heavily wounded.
Natasha closely misses you. The iron imp hits you!
* * * LOW HITPOINT WARNING * * *
Natasha howls an incantation.
You feel troubled.
Natasha stares at you and mumbles some strange words.
You resist with significant effort. Natasha claws you.
* * * LOW HITPOINT WARNING * * *
Natasha stares at you and mumbles some strange words.
The magic dart hits you!
You die...

#.# #.# #.# #.#
#####.# #.....# .
#.....### .## #
#....<..### ..# .# #
#....@#...###.##.###w.
#####.###.##.........
#.h##..........##.
#...5.....###.....
#....##..........#
#...######.$...#..#
#....## #...### ..##.
#...# .## #. #...#


You could see Natasha.

Vanquished Creatures
  A giant cockroach (D:1)
  A goblin (D:1)
  2 hobgoblins (D:1)
  A kobold (D:1)
  A bat (D:1)
  3 frilled lizards (D:1)
9 creatures vanquished.

Notes
Turn   | Place    | Note
-------+----------+-------------------------------------------
     0 | D:1      | Kosschaser the Ghoul Ice Elementalist began the quest for the Orb.
     0 | D:1      | Reached XP level 1. HP: 14/14 MP: 2/2
   332 | D:1      | Reached XP level 2. HP: 20/20 MP: 0/3
   743 | D:2      | Noticed Natasha
   758 | D:2      | HP: 1/20 [Natasha (3)]
   760 | D:2      | Killed from afar by Natasha

Action                   || total
-------------------------++-------
Melee: Unarmed           ||     2
 Cast: Freeze            ||    13
  Eat: Chunk             ||    11
Armor: Robe              ||     2
Dodge: Dodged            ||     8
